AoeStats
← The Snail

Arena

503945676Analyzed
3v3 RM · 1mo ago on Sep 3, 2026· 64m 36s· 6 players
Game mode
Random Map
Map size
Normal (6 player)
Population
200
Speed
Normal
Resources
Standard
Victory
Conquest
Starting age
Dark Age
Ending age
Imperial Age
RankedLock teamsTeams togetherTeam positionsShared explorationLock speedFull tech treeHidden civsTurbo modeCheats
Victory
Defeat
🇪🇨 Cumans · Ecuador
714
+15
🇨🇴 Lithuanians · Colombia
695
+16
🇧🇴 Teutons · Bolivia
644
+17
🇺🇸 Khmer · United States
693
-16
🇺🇸 Bohemians · United States
682
-16
🇺🇸 Vikings · United States
681
-32
seagull warrior
5:49 Loom
11:50 Feudal Age
12:20 Double-Bit Axe
12:17 Horse Collar
17:17 Wheelbarrow
20:32 Castle Age
22:40 Bow Saw
24:38 Heavy Plow
26:29 Hand Cart
27:24 Wagenburg Tactics
32:21 Town Watch
36:12 Imperial Age
34:13 Redemption
36:09 Scale Barding Armor
36:16 Forging
36:11 Scale Mail Armor
37:15 Arson
37:31 Squires
36:52 Pikeman
38:16 Iron Casting
37:23 Elite Hussite Wagon
38:29 Conscription
39:35 Halberdier
41:18 Blast Furnace
40:34 Chain Mail Armor
40:58 Block Printing
42:28 Hussite Reforms
42:39 Siege Engineers
43:30 Capped Ram
45:25 Fervor
49:29 Light Cavalry
50:09 Husbandry
50:33 Chain Barding Armor
57:08 Heavy Scorpion
58:10 Ballistics
The Snail
14:00 Feudal Age
19:10 Double-Bit Axe
20:49 Forging
20:40 Scale Mail Armor
26:17 Castle Age
24:17 Man-at-Arms
27:22 Loom
27:23 Town Watch
28:01 Long Swordsman
28:29 Arson
28:49 Squires
31:28 Crossbowman
35:32 Iron Casting
35:14 Chain Mail Armor
35:01 Padded Archer Armor
34:52 Fletching
43:17 Imperial Age
44:10 Two-Handed Swordsman
51:53 Champion
53:44 Arbalester
56:53 Pikeman
42burger777
19:52 Feudal Age
20:19 Horse Collar
21:15 Wheelbarrow
20:30 Double-Bit Axe
20:56 Gold Mining
24:12 Castle Age
23:11 Stone Mining
25:10 Caravan
25:35 Hand Cart
26:00 Gold Shaft Mining
25:31 Heavy Plow
25:43 Bow Saw
27:15 Husbandry
27:23 Loom
40:07 Crossbowman
41:03 Bloodlines
44:16 Stone Shaft Mining
48:41 Ballistics
56:20 Scale Barding Armor
56:28 Forging
58:53 Imperial Age
59:40 Tusk Swords
60:05 Conscription
davidbanegasr
10:50 Feudal Age
12:06 Wheelbarrow
11:21 Double-Bit Axe
11:23 Horse Collar
22:51 Castle Age
21:31 Stone Mining
21:31 Gold Mining
24:05 Hand Cart
24:04 Bow Saw
23:57 Heavy Plow
30:55 Caravan
37:57 Imperial Age
36:17 Town Watch
37:26 Loom
38:32 Town Patrol
38:05 Onager
40:35 Chemistry
39:41 Siege Engineers
40:34 Crop Rotation
41:10 Two-Man Saw
41:48 Siege Onager
52:19 Fortified Wall
52:45 Pikeman
53:45 Halberdier
jco_360
11:46 Feudal Age
12:38 Town Watch
15:55 Double-Bit Axe
15:55 Horse Collar
18:41 Loom
24:38 Castle Age
23:09 Stone Mining
24:43 Gold Mining
24:50 Arson
25:23 Squires
26:00 Wheelbarrow
26:19 Fletching
27:12 Gold Shaft Mining
27:58 Thumb Ring
29:02 Hand Cart
29:06 Pikeman
30:21 Town Patrol
30:23 Bodkin Arrow
30:33 Scale Mail Armor
31:54 Bloodlines
32:06 Caravan
33:07 Steppe Husbandry
33:09 Murder Holes
34:45 Coinage
34:55 Bow Saw
34:48 Heavy Plow
35:01 Masonry
34:59 Scale Barding Armor
35:05 Forging
34:57 Padded Archer Armor
43:45 Imperial Age
41:38 Ballistics
41:36 Leather Archer Armor
44:42 Iron Casting
44:53 Conscription
44:32 Elite Kipchak
44:40 Halberdier
44:44 Elite Steppe Lancer
47:28 Parthian Tactics
46:24 Heavy Cavalry Archer
48:52 Two-Man Saw
48:22 Chain Barding Armor
48:38 Banking
48:18 Guilds
49:24 Chemistry
48:58 Ring Archer Armor
49:33 Blast Furnace
49:02 Parthian Tactics
61:34 Plate Barding Armor
61:32 Ring Archer Armor
GjulianP
8:25 Loom
10:47 Feudal Age
19:01 Castle Age
19:11 Gold Mining
19:04 Horse Collar
19:13 Double-Bit Axe
31:18 Imperial Age
29:33 Wheelbarrow
29:25 Husbandry
29:57 Heavy Plow
30:10 Caravan
31:16 Hand Cart
32:00 Scale Barding Armor
32:04 Squires
31:50 Arson
33:26 Crop Rotation
33:44 Bloodlines
33:44 Treadmill Crane
34:40 Bow Saw
34:13 Cavalier
36:24 Pikeman
37:18 Scale Mail Armor
37:28 Forging
37:38 Fortified Wall
37:49 Town Watch
39:01 Conscription
38:46 Hill Forts
40:17 Chain Barding Armor
40:14 Chain Mail Armor
40:10 Forging
40:14 Halberdier
46:21 Plate Barding Armor
46:22 Iron Casting
46:42 Heated Shot
47:03 Masonry
47:54 Chemistry
49:11 Elite Leitis
51:53 Two-Man Saw
52:51 Architecture
60:40 Thumb Ring
61:31 Tower Shields
63:04 Ballistics
62:35 Guard Tower
62:58 Guilds
64:32 Spies/Treason
Connection lost

Rejoining the realm…

Still unreachable

The connection could not be restored.

Session expired

The server has moved on; the page needs a fresh start.